 Dungeon Crawl Stone Soup version 0.27.1-16-g815e20cd7a (webtiles) character file.

Game seed: 792710271857325447

5874 pkoi the Destroyer (level 10, -9/69 HPs)
             Began as a White Draconian Hedge Wizard on Nov 23, 2021.
             Was a Believer of Vehumet.
             Mangled by a wyvern (12 damage)
             ... on level 9 of the Dungeon.
             The game lasted 00:24:07 (15581 turns).

pkoi the Destroyer (White Draconian Hedge Wizard)  Turns: 15581, Time: 00:24:08

Health: -9/69      AC: 11    Str: 12    XL:     10   Next: 52%
Magic:  14/16      EV: 12    Int: 19    God:    Vehumet [**....]
Gold:   119        SH:  0    Dex: 10    Spells: 2/17 levels left

rFire    . . .     SeeInvis .   m - +3 quarterstaff (venom)
rCold    + + .     Faith    .   (shield currently unavailable)
rNeg     . . .     Spirit   .   (armour unavailable)
rPois    .         Reflect  .   E - +2 hat {Stlth+}
rElec    .         Harm     .   e - +0 cloak {Stlth+}
rCorr    .         Rampage  .   s - +0 pair of gloves
Will     .....                  (no boots)
Stlth    ++++......             d - amulet of the acrobat
HPRegen  0.21/turn              v - ring of protection from fire
MPRegen  0.15/turn              r - ring of ice

@: no status effects
A: breathe frost, AC +7, unfitting armour, cold resistance 1, cold-blooded
a: Breathe Frost, Renounce Religion


You were on level 9 of the Dungeon.
You worshipped Vehumet.
Vehumet was pleased with you.
You visited 2 branches of the dungeon, and saw 10 of its levels.

You collected 392 gold pieces.
You spent 273 gold pieces at shops.

Inventory:

Hand Weapons
 a - a +0 dagger
 g - a +2 dagger of venom
 k - a +1 short sword of speed
 m - a +3 quarterstaff of venom (weapon)
Missiles
 K - 6 curare-tipped darts
Armour
 e - a +0 cloak of stealth (worn)
 h - a scarf of resistance
 n - a +2 cloak
 s - a +0 pair of gloves (worn)
 E - a +2 hat of stealth (worn)
Jewellery
 d - an amulet of the acrobat (around neck)
 r - a ring of ice (right hand)
 v - a ring of protection from fire (left hand)
 x - an amulet of guardian spirit
Wands
 j - a wand of flame (11)
 q - a wand of paralysis (15)
 w - a wand of acid (10)
 z - a wand of mindburst (12)
 B - a wand of iceblast (9)
Scrolls
 b - 2 scrolls of enchant armour
 y - 2 scrolls of magic mapping
 D - a scroll of enchant weapon
 G - a scroll of identify
 I - a scroll of fear
 J - a scroll of acquirement
Potions
 c - 4 potions of mutation
 f - 6 potions of heal wounds
 i - a potion of haste
 l - a potion of cancellation {unknown}
 o - a potion of attraction
 p - a potion of brilliance
 t - 2 potions of lignification {unknown}
 u - 2 potions of might {unknown}
 A - a potion of degeneration {unknown}
 C - 4 potions of curing
 F - a potion of magic {unknown}
 H - a potion of flight {unknown}


   Skills:
 + Level 6.1 Staves
 - Level 1.7 Dodging
 - Level 1.7 Stealth
 - Level 4.0 Spellcasting
 + Level 10.2 Conjurations
 - Level 2.2 Summonings
 - Level 2.3 Translocations
 + Level 4.0 Fire Magic
 + Level 9.5 Ice Magic


You had 2 spell levels left.
You knew the following spells:

 Your Spells              Type           Power      Damage    Failure   Level
a - Magic Dart            Conj           100%       1d8       1%          1
b - Blink                 Tloc           N/A        N/A       9%          2
c - Call Imp              Summ           12%        N/A       9%          2
d - Hailstorm             Conj/Ice       58%        3d13      2%          4
e - Frozen Ramparts       Ice            100%       1d12      1%          3
f - Conjure Flame         Conj/Fire      31%        6-21      2%          3

Your spell library contained the following spells:

 Spells                   Type           Power      Damage    Failure   Level
 Poisonous Vapours        Pois/Air       6%         N/A       21%         2
 Freeze                   Ice            100%       1d11      1%          1
 Searing Ray              Conj           84%        3d6       1%          2
 Ensorcelled Hibernation  Hex/Ice        64%        N/A       3%          2
 Slow                     Hex            3%         N/A       21%         2
 Sublimation of Blood     Necr           1%         N/A       21%         2
 Wereblood                Tmut           3%         N/A       21%         2
 Dazzling Flash           Conj/Hex       46%        N/A       4%          3
 Mephitic Cloud           Conj/Pois/Air  16%        N/A       11%         3
 Iskenderun's Mystic Bla  Conj/Tloc      27%        2d7       11%         4
 Fulminant Prism          Conj/Hex       11%        3d9       17%         4
 Ignite Poison            Fire/Tmut/Pois 8%         N/A       24%         3
 Spider Form              Tmut/Pois      1%         N/A       38%         3
 Bolt of Magma            Conj/Fire/Erth 10%        4d7       47%         5
 Starburst                Conj/Fire      15%        6d6       73%         6
 Shadow Creatures         Summ           N/A        N/A       100%        6
 Summon Hydra             Summ           6%         N/A       100%        7


Dungeon Overview and Level Annotations

Branches:
Dungeon (9/15)             Temple (1/1) D:5
   Lair: D:8-11         Orc: D:9-12

Altars:
Ashenzari
Cheibriados
Dithmenos
Elyvilon
Fedhas
Gozag
Hepliaklqana
Kikubaaqudgha
Makhleb
Nemelex Xobeh
Okawaru
Qazlal
Ru
Sif Muna
Trog
Uskayaw
Vehumet
Wu Jian
Xom
Yredelemnul
Zin
The Shining One

Shops:
D:2 (   D:8 !


Innate Abilities, Weirdness & Mutations

You can breathe waves of freezing cold which knock back foes.
Your icy white scales are hard. (AC +7)
You cannot fit into any form of body armour.
Your flesh is cold resistant. (rC+)
You are cold-blooded and may be slowed by cold attacks.


Message History

The elephant tramples you but does no damage.
The elephant trunk-slaps you. The wyvern bites you! The wyvern bites you.
* * * LOW HITPOINT WARNING * * *
The elephant tramples you but does no damage.
The elephant trunk-slaps you.
* * * LOW HITPOINT WARNING * * *
The wyvern bites you.
* * * LOW HITPOINT WARNING * * *
The elephant tramples you!
* * * LOW HITPOINT WARNING * * *
You hold your ground!
The elephant trunk-slaps you but does no damage.
The wyvern bites you but does no damage.
The wyvern completely misses you. The elephant tramples you!
* * * LOW HITPOINT WARNING * * *
You hold your ground!
The elephant trunk-slaps you but does no damage.
The wyvern bites you!
* * * LOW HITPOINT WARNING * * *
The wyvern bites you!
* * * LOW HITPOINT WARNING * * *
The elephant tramples you but does no damage.
The elephant trunk-slaps you but does no damage.
The wyvern bites you!
* * * LOW HITPOINT WARNING * * *
The elephant tramples you!
* * * LOW HITPOINT WARNING * * *
You hold your ground!
The elephant trunk-slaps you but does no damage.
You turn to flesh and can move again.
Unknown command.
The wyvern bites you but does no damage.
The basilisk gazes at you. You resist with some effort.
There is a stone staircase leading up here.
The wyvern completely misses you.
The elephant tramples you but does no damage.
The elephant closely misses you. The wyvern bites you!
You die...

#######
#...@.#
#..Yl.#
####...l.#
#........#
#........#
#........#
#........#
#........#
#........#


You could see an elephant, a basilisk and a wyvern.

Vanquished Creatures
  A cyclops (D:8)
  Maurice (D:8)
  A kobold demonologist (D:8)
  Grinder (D:6)
  A wraith (D:6)
  A wyvern (D:8)
  2 steam dragons
  Menkaure (D:5)
  An acid dragon (D:6)
  A water moccasin (D:7)
  2 orc warriors (D:7)
  2 black bears
  An ice beast (D:6)
  An ogre (D:5)
  A phantom (D:6)
  17 kobold brigands
  3 scorpions
  A bullfrog (D:7)
  A gnoll sergeant (D:7)
  A wyvern zombie (D:7)
  A water moccasin skeleton (D:5)
  5 jellies
  A wight (D:7)
  A howler monkey (D:5)
  A bullfrog zombie (D:7)
  6 centaur zombies
  A bullfrog skeleton (D:7)
  5 hounds
  2 orc priests
  Crazy Yiuf (D:2)
  A centaur skeleton (D:6)
  Terence (D:2)
  4 iguanas
  3 orc wizards
  A hound skeleton (D:5)
  Robin (D:2)
  11 gnolls
  7 adders
  2 shadow imps (D:7)
  3 white imps
  An ufetubus (D:4)
  An adder skeleton (D:5)
  2 worms
  A dart slug (D:1)
  10 orcs
  5 ball pythons
  6 bats
  4 endoplasms
  2 giant cockroaches (D:1)
  19 goblins
  6 hobgoblins
  11 jackals
  25 kobolds
  8 quokkas
  4 frilled lizards
  5 rats
209 creatures vanquished.

Vanquished Creatures (others)
  A plant (D:4)
1 creature vanquished.

Grand Total: 210 creatures vanquished

Notes
Turn   | Place    | Note
-------+----------+-------------------------------------------
     0 | D:1      | pkoi the Draconian Hedge Wizard began the quest for the
                  | Orb.
     0 | D:1      | Reached XP level 1. HP: 14/14 MP: 4/4
   135 | D:1      | Reached skill level 2 in Conjurations
   147 | D:1      | Reached XP level 2. HP: 12/20 MP: 1/6
  1091 | D:1      | Learned a level 2 spell: Blink
  1094 | D:1      | Learned a level 2 spell: Call Imp
  1158 | D:1      | Found a faded altar of an unknown god.
  1174 | D:1      | Reached skill level 3 in Conjurations
  1193 | D:1      | Reached XP level 3. HP: 15/26 MP: 7/7
  2778 | D:2      | Reached skill level 4 in Conjurations
  2778 | D:2      | Reached XP level 4. HP: 33/33 MP: 4/8
  2930 | D:2      | Noticed Robin
  3084 | D:2      | Noticed Terence
  3113 | D:2      | Killed Terence
  3121 | D:2      | Killed Robin
  3520 | D:2      | Found Zitrus's Antique Weapon Boutique.
  3645 | D:2      | Reached XP level 5. HP: 38/38 MP: 9/9
  3989 | D:2      | Found a runed translucent door.
  3993 | D:2      | Noticed Crazy Yiuf
  4026 | D:2      | Killed Crazy Yiuf
  4027 | D:2      | Reached skill level 5 in Conjurations
  5474 | D:3      | Reached skill level 6 in Conjurations
  6229 | D:4      | Reached XP level 6. HP: 45/45 MP: 5/10
  7549 | D:5      | Entered Level 5 of the Dungeon
  7794 | D:5      | Noticed Menkaure
  7804 | D:5      | Killed Menkaure
  7805 | D:5      | Your scales start taking on an icy white colour.
  7805 | D:5      | Reached XP level 7. HP: 22/50 MP: 12/12
  7805 | D:5      | Gained mutation: Your flesh is cold resistant. (rC+) [White
                  | Draconian growth]
  8084 | D:4      | Learned a level 4 spell: Hailstorm
  8348 | D:5      | Reached skill level 1 in Ice Magic
  8371 | D:5      | Reached skill level 1 in Staves
  8466 | D:5      | Learned a level 3 spell: Frozen Ramparts
  8519 | D:5      | Found a staircase to the Ecumenical Temple.
  8601 | Temple   | Entered the Ecumenical Temple
  8822 | Temple   | Became a worshipper of Vehumet
  9117 | D:5      | Reached skill level 7 in Conjurations
  9544 | D:6      | Noticed Grinder
  9807 | D:5      | Reached XP level 8. HP: 57/57 MP: 14/14
 10364 | D:6      | Reached skill level 8 in Conjurations
 10364 | D:6      | Reached skill level 5 in Ice Magic
 10729 | D:6      | Paralysed by Grinder for 2 turns
 10747 | D:6      | Killed Grinder
 11903 | D:7      | Reached XP level 9. HP: 56/62 MP: 6/15
 12054 | D:7      | Reached * piety under Vehumet
 12054 | D:7      | Offered knowledge of Foxfire by Vehumet.
 12290 | D:6      | Learned a level 3 spell: Conjure Flame
 12473 | D:7      | Reached skill level 9 in Conjurations
 12520 | D:7      | Reached skill level 1 in Fire Magic
 13891 | D:6      | Identified a scroll of acquirement
 13891 | D:6      | Acquired a +2 hat of stealth
 14047 | D:8      | Found Jyxechy's Distillery.
 14058 | D:8      | Bought 2 potions of heal wounds for 130 gold pieces
 14058 | D:8      | Bought a potion of curing for 39 gold pieces
 14058 | D:8      | Bought a potion of mutation for 104 gold pieces
 14081 | D:8      | Noticed a cyclops
 14089 | D:8      | Killed a cyclops
 14090 | D:8      | Reached skill level 5 in Staves
 14516 | D:8      | Reached XP level 10. HP: 54/69 MP: 16/16
 14717 | D:8      | Noticed Maurice
 14736 | D:8      | Killed Maurice
 14884 | D:8      | Found a sparkling altar of Nemelex Xobeh.
 14915 | D:8      | Reached ** piety under Vehumet
 14915 | D:8      | Offered knowledge of Poisonous Vapours by Vehumet.
 15073 | D:8      | Noticed a rust devil
 15086 | D:8      | Reached skill level 10 in Conjurations
 15561 | D:9      | Noticed an elephant
 15578 | D:9      | HP: 2/69 [elephant (5)]
 15581 | D:9      | Mangled by a wyvern

Illustrated notes

Levels and vault maps discovered:
D:1:      psy_arrival_radial02, layout_rooms, chequers_ecumenical_altar_island,
          dk_noncrumbling_4, st_stairs_11
D:2:      minmay_chambers_of_ones, layout_basic, serial_shops, shop,
          uniq_crazy_yiuf_cottage, uniq_robin, uniq_terence
D:3:      layout_basic
D:4:      layout_basic, serial_bayou_pond_a
D:5:      layout_basic, minmay_temple_entry_glassed_door, uniq_menkaure
D:6:      layout_cave_pools, minmay_small_thing, uniq_grinder
D:7:      layout_basic, minmay_circle_x
D:8:      layout_basic, mainiacjoe_overflow_alcove_1, special_room
          [special_room_kobold], serial_shops, nicolae_shop_trees, uniq_maurice
D:9:      layout_irregular_city, david_lair_generic, david_orc_4, serial_shops,
          nicolae_shop_trees, introduction_to_nature_2
Temple:   compressed_dpeg_triangle_lava_temple

Skill      XL: |  1  2  3  4  5  6  7  8  9 10 |
---------------+-------------------------------+-----
Conjurations   | 2 3 4 6 7 8 9 10 | 10.2
Summonings     | 2 |  2.2
Translocations | 2 |  2.3
Ice Magic      | 3 6 8 9 |  9.5
Staves         | 2 5 6 |  6.1
Spellcasting   | 4 |  4.0
Fire Magic     | 3 4 |  4.0
Dodging        | |  1.7
Stealth        | |  1.7

Action                   |  1- 3 |  4- 6 |  7- 9 | 10-12 || total
-------------------------+-------+-------+-------+-------++-------
Melee: Dagger            |   109 |   110 |    40 |       ||   259
       Tailslap          |    13 |    10 |    22 |     6 ||    51
       Short sword       |       |     8 |     8 |       ||    16
       Quarterstaff      |       |       |   184 |    49 ||   233
 Cast: Magic Dart        |    77 |    56 |   174 |    14 ||   321
       Frozen Ramparts   |       |       |     8 |     8 ||    16
       Hailstorm         |       |       |     4 |     3 ||     7
       Conjure Flame     |       |       |     1 |     2 ||     3
 Abil: Breathe Frost     |       |       |     3 |       ||     3
  Use: Scroll            |       |     5 |     8 |       ||    13
 Stab: Sleeping          |     1 |     6 |     4 |       ||    11
       Distracted        |       |       |       |     1 ||     1
Armor: Skin              |    32 |    42 |   115 |    33 ||   222
Dodge: Dodged            |    81 |   104 |   218 |    46 ||   449
